AoeStats
← deathstroke9515

Black Forest

509440405Analyzed
4v4 RM · 6d ago on Sep 26, 2026· 45m 34s· 8 players
Game mode
Random Map
Map size
Large (8 player)
Population
200
Speed
Normal
Resources
Standard
Victory
Conquest
Starting age
Dark Age
Ending age
Imperial Age
RankedLock teamsTeams togetherTeam positionsShared explorationLock speedFull tech treeHidden civsTurbo modeCheats
Victory
Defeat
🇨🇱 Persians · Chile
848
+12
🇫🇷 Romans · France
731
+17
🇫🇷 Lithuanians · France
707
+17
🇨🇱 Britons · Chile
699
+18
🇨🇴 Celts · Colombia
781
-17
🇨🇴 Khmer · Colombia
757
-16
🇹🇷 Turks · Türkiye
755
-16
🇨🇴 Tatars · Colombia
728
-15
oscarugoster
0:26 Loom
11:01 Feudal Age
12:17 Wheelbarrow
11:33 Double-Bit Axe
11:46 Gold Mining
11:43 Horse Collar
18:58 Castle Age
18:42 Stone Mining
19:53 Hand Cart
28:15 Imperial Age
26:31 Scale Mail Armor
26:42 Forging
26:23 Fletching
26:46 Bow Saw
27:21 Stone Shaft Mining
28:32 Heavy Plow
29:11 Gold Shaft Mining
29:06 Forging
31:29 Chemistry
30:34 Padded Archer Armor
31:28 Heavy Scorpion
32:09 Stronghold
32:50 Leather Archer Armor
33:29 Conscription
33:08 Pikeman
33:34 Arson
33:35 Gambesons
34:48 Siege Engineers
35:21 Ring Archer Armor
37:57 Fortified Wall
37:46 Murder Holes
37:45 Fletching
38:11 Chain Mail Armor
38:32 Iron Casting
38:14 Caravan
38:57 Halberdier
40:23 Onager
gabrielnaranjo567
0:43 Loom
14:57 Feudal Age
19:55 Castle Age
17:44 Double-Bit Axe
20:10 Horse Collar
25:21 Stone Mining
30:19 Wheelbarrow
29:58 Bow Saw
33:00 Imperial Age
31:31 Arson
32:04 Pikeman
35:43 Hand Cart
36:44 Siphons
37:23 Conscription
37:21 Heavy Plow
37:57 Forging
40:20 Elite Ballista Elephant
41:05 Husbandry
SebasOcampo72
0:56 Loom
15:03 Feudal Age
15:35 Double-Bit Axe
21:46 Castle Age
21:35 Forging
22:50 Bow Saw
24:19 Wheelbarrow
28:35 Man-at-Arms
30:23 Gold Mining
31:11 Silk Armor
34:34 Hand Cart
37:44 Iron Casting
37:00 Fletching
37:17 Scale Barding Armor
38:35 Gold Shaft Mining
39:33 Bodkin Arrow
40:03 Chain Barding Armor
40:08 Crossbowman
40:56 Husbandry
41:08 Bloodlines
40:39 Elite Skirmisher
40:46 Elite Skirmisher
ysf5353
2:00 Loom
17:20 Feudal Age
18:13 Double-Bit Axe
19:11 Wheelbarrow
19:53 Town Watch
21:17 Town Watch
22:48 Stone Mining
22:49 Gold Mining
25:26 Castle Age
23:30 Fletching
23:51 Horse Collar
24:35 Gold Mining
26:16 Caravan
27:28 Gold Shaft Mining
27:48 Squires
28:29 Padded Archer Armor
28:29 Scale Mail Armor
29:13 Arson
32:09 Bloodlines
34:52 Treadmill Crane
36:20 Scale Mail Armor
36:44 Ballistics
38:29 Husbandry
41:25 Bow Saw
44:20 Fortified Wall
44:01 Heated Shot
44:06 Murder Holes
44:22 Masonry
44:03 Guard Tower
46:52 Imperial Age
45:06 Scale Barding Armor
45:58 Leather Archer Armor
deathstroke9515
0:53 Loom
11:47 Feudal Age
15:42 Castle Age
15:03 Double-Bit Axe
18:45 Bow Saw
23:36 Wheelbarrow
25:33 Husbandry
25:44 Bloodlines
30:25 Hand Cart
33:12 Imperial Age
31:05 Forging
31:00 Scale Barding Armor
31:07 Thumb Ring
30:22 Crossbowman
31:31 Gold Mining
33:16 Iron Casting
33:02 Chain Barding Armor
34:06 Ballistics
34:47 Chemistry
33:12 Cavalier
33:57 Kamandaran
34:56 Savar
42:40 Blast Furnace
42:16 Plate Barding Armor
41:42 Padded Archer Armor
41:32 Fletching
G0reField
10:25 Feudal Age
17:02 Castle Age
15:53 Double-Bit Axe
21:20 Wheelbarrow
21:31 Bow Saw
24:30 Hand Cart
24:35 Gold Mining
24:38 Stone Mining
33:07 Imperial Age
31:17 Forging
31:12 Scale Barding Armor
31:00 Horse Collar
34:44 Conscription
37:09 Husbandry
37:20 Bloodlines
36:30 Cavalier
36:42 Cavalier
37:36 Bloodlines
38:08 Iron Casting
37:56 Paladin
Henri André
0:26 Loom
11:30 Feudal Age
17:14 Castle Age
15:44 Double-Bit Axe
16:04 Horse Collar
18:14 Heavy Plow
21:35 Bow Saw
26:10 Caravan
29:32 Imperial Age
29:10 Wheelbarrow
28:45 Gold Mining
29:29 Caravan
29:52 Squires
29:15 Man-at-Arms
31:22 Hand Cart
30:44 Long Swordsman
31:57 Legionary
32:41 Scale Mail Armor
32:52 Forging
33:14 Conscription
35:24 Comitatenses
35:30 Chain Mail Armor
36:38 Iron Casting
38:08 Gold Shaft Mining
38:40 Blast Furnace
37:16 Onager
37:49 Pikeman
matiassboss
15:29 Feudal Age
16:30 Gold Mining
16:31 Stone Mining
16:28 Double-Bit Axe
16:25 Horse Collar
17:51 Wheelbarrow
18:15 Padded Archer Armor
18:05 Fletching
22:45 Castle Age
24:20 Gold Shaft Mining
23:57 Bow Saw
23:50 Heavy Plow
23:38 Crossbowman
24:54 Leather Archer Armor
24:34 Bodkin Arrow
27:26 Caravan
28:20 Hand Cart
28:29 Treadmill Crane
29:58 Town Watch
29:58 Loom
31:15 Town Patrol
32:25 Heated Shot
36:34 Imperial Age
34:44 Yeomen
35:22 Fortified Wall
35:07 Murder Holes
35:23 Masonry
37:58 Ring Archer Armor
37:28 Bracer
38:33 Chemistry
36:55 Arbalester
39:41 Hoardings
41:58 Architecture
41:34 Siege Engineers
43:19 Guilds
43:35 Scale Barding Armor
43:30 Scale Mail Armor
43:40 Forging
Connection lost

Rejoining the realm…

Still unreachable

The connection could not be restored.

Session expired

The server has moved on; the page needs a fresh start.